 Seeded DCSS version 0.30.1-9-gdf580d7c3d (webtiles) character file.

Game seed: 15384991614523242048 (custom seed)

1862 Psyclone the Thaumaturge (level 8, -2/41 HPs)
             Began as a Deep Elf Conjurer on Sept 24, 2023.
             Was an Initiate of Ashenzari.
             Slain by a kobold brigand
             ... wielding a +0 whip
              (5 damage)
             ... in a sewer.
             The game lasted 00:22:42 (7165 turns).

Psyclone the Thaumaturge (Deep Elf Conjurer)        Turns: 7165, Time: 00:22:42

Health: -2/41      AC:  4    Str:  4    XL:     8   Next: 90%
Magic:  16/24      EV: 13    Int: 26    God:    Ashenzari [......]
Gold:   313        SH:  0    Dex: 13    Spells: 25/28 levels left

rFire   . . .        a - +0 dagger
rCold   . . .        (no shield)
rNeg    . . .        g - +0 robe
rPois   .            t - +0 helmet
rElec   .            v - +0 cloak
rCorr   .            (no gloves)
SInv    .            (no boots)
Will    .....        (no amulet)
Stlth   ++           (no ring)
HPRegen 0.26/turn    (no ring)
MPRegen 0.19/turn

%: no passive effects
@: slowed, very slow
A: no striking features
a: Renounce Religion, Curse Item


You were in a sewer.
You worshipped Ashenzari.
Ashenzari was noncommittal.
You visited 2 branches of the dungeon, and saw 7 of its levels.
You also visited: Sewer.

You collected 313 gold pieces.

Inventory:

Hand Weapons
 a - a +0 dagger (weapon)
Armour
 g - a +0 robe (worn)
 t - a +0 helmet (worn)
 v - a +0 cloak (worn)
Jewellery
 q - an amulet of faith
Scrolls
 d - 2 scrolls of enchant weapon {unknown}
 e - 3 scrolls of identify {@r1}
 h - 3 scrolls of vulnerability {unknown}
 j - a scroll of amnesia {unknown}
 o - a scroll of summoning {unknown}
 p - 2 scrolls of noise {unknown}
 w - a scroll of enchant armour
Potions
 b - 2 potions of magic
 c - 2 potions of might {unknown}
 f - 4 potions of curing {unknown}
 i - 3 potions of brilliance {unknown}
 k - 3 potions of heal wounds {unknown}
 l - 2 potions of ambrosia {unknown}
 m - 4 potions of mutation {unknown}
 n - 2 potions of flight {unknown}
 r - a potion of lignification {unknown}
 s - a potion of attraction {unknown}
 u - a potion of berserk rage {unknown}


   Skills:
 - Level 3.7 Dodging
 - Level 3.9 Stealth
 + Level 10.6 Spellcasting
 + Level 9.6 Conjurations


You had 25 spell levels left.
You knew the following spells:

 Your Spells              Type           Power      Damage    Failure   Level
a - Magic Dart            Conj           100%       1d8       1%          1
b - Searing Ray           Conj           100%       2d8       1%          2

Your spell library contained the following spells:

 Spells                   Type           Power      Damage    Failure   Level
 Dazzling Flash           Conj/Hex       76%        N/A       1%          3
 Stone Arrow              Conj/Erth      76%        3d11      1%          3
 Fulminant Prism          Conj/Hex       19%        3d10      6%          4
 Iskenderun's Mystic Bla  Conj/Tloc      38%        2d9       6%          4
 Ensorcelled Hibernation  Hex/Ice        26%        N/A       7%          2
 Passwall                 Tmut/Erth      10%        N/A       7%          2
 Sublimation of Blood     Necr           13%        N/A       7%          2
 Swiftness                Air            13%        N/A       13%         3
 Irradiate                Conj/Tmut      19%        3d18      17%         5
 Animate Armour           Summ/Erth      26%        N/A       41%         4
 Animate Dead             Necr           13%        N/A       41%         4
 Cause Fear               Hex            6%         N/A       41%         4
 Petrify                  Tmut/Erth      13%        N/A       41%         4
 Dragon Form              Tmut           6%         N/A       100%        7
 Haunt                    Necr/Summ      6%         N/A       100%        7
 Infestation              Necr           6%         N/A       100%        8
 Lehudib's Crystal Spear  Conj/Erth      19%        10d6      100%        8
 Dragon's Call            Summ           6%         N/A       100%        9


Dungeon Overview and Level Annotations

Branches:
Dungeon (6/15) Zot: 26844  Temple (1/1) D:5 Zot: 5956   Sewer (1/1) Zot: 5497

Altars:
Ashenzari
Cheibriados
Dithmenos
Elyvilon
Fedhas
Gozag
Kikubaaqudgha
Nemelex Xobeh
Okawaru
Qazlal
Trog
Uskayaw
Wu Jian
Xom
Zin

Shops:
D:5 !


Message History

You feel sick.
The kobold brigand hits you with a +0 whip.
* * * LOW HITPOINT WARNING * * *
The kobold hits you but does no damage.
You take 7 damage, and have 12/41 hp.
You now have 18/24 mp.
Casting: Magic Dart (safe; 1% risk of failure)
Confirm with . or Enter, or press ? or * to list all spells.
Aiming: Magic Dart (safe; 1% risk of failure)
Press: ? - help, Shift-Dir - straight line, f/p - kobold brigand
Aim: a kobold brigand, wielding a +0 whip and quivering curare-tipped darts (lightly wounded, 100% to hit)
The magic dart hits the kobold brigand.
The kobold brigand is lightly wounded.
You feel sick. The kobold brigand closely misses you.
The kobold closely misses you.
The kobold throws a stone.
The stone barely misses you. The kobold brigand barely misses you.
You take 2 damage, and have 10/41 hp.
Casting: Magic Dart (safe; 1% risk of failure)
Confirm with . or Enter, or press ? or * to list all spells.
Aiming: Magic Dart (safe; 1% risk of failure)
Press: ? - help, Shift-Dir - straight line, f/p - kobold brigand
Aim: a kobold brigand, wielding a +0 whip and quivering curare-tipped darts (lightly wounded, 100% to hit)
The magic dart hits the kobold brigand.
The kobold brigand is lightly wounded.
You feel sick.
The kobold brigand hits you with a +0 whip.
* * * LOW HITPOINT WARNING * * *
The kobold closely misses you.
Casting: Magic Dart (safe; 1% risk of failure)
Confirm with . or Enter, or press ? or * to list all spells.
Aiming: Magic Dart (safe; 1% risk of failure)
Press: ? - help, Shift-Dir - straight line, f/p - kobold brigand
Aim: a kobold brigand, wielding a +0 whip and quivering curare-tipped darts (lightly wounded, 100% to hit)
The magic dart hits the kobold brigand.
The kobold brigand is moderately wounded.
You feel sick.
You are no longer poisoned.
The kobold hits you with a +0 dagger.
* * * LOW HITPOINT WARNING * * *
The kobold brigand hits you with a +0 whip.
You die...

##.....~≈≈≈~......
##....~.~≈≈≈~~~....
#......~~≈≈≈≈~....#
#.....#~≈≈≈≈≈~~...#
#....##~≈≈≈≈≈~....#
#....#~~≈≈≈≈≈~.....
##.....~≈≈≈≈≈≈~.....
#....~~~≈≈≈≈≈≈~~...#
#.K@K~~~≈≈≈≈≈≈~~...#
###K###≈#≈#≈####'###
)K. #≈#≈#≈#.....#
..... #≈#≈##.....#
##...## #≈#≈##)).##
?...) #≈##.....#
..#!! #..#..# ###
### ####### ≈≈≈≈≈≈≈≈


You could see a kobold brigand and 3 kobolds.

Vanquished Creatures
  Prince Ribbit (D:5)
  Eustachio (D:5)
  2 ice beasts
  A black bear (D:5)
  An ogre (D:4)
  A phantom (D:5)
  A scorpion (D:5)
  2 howler monkeys
  3 hounds
  Crazy Yiuf (D:5)
  6 orc priests
  2 jellies (D:5)
  2 iguanas (D:5)
  Natasha (D:2)
  8 orc wizards
  5 gnolls
  4 river rats
  7 adders
  A shadow imp (D:5)
  3 worms
  13 dart slugs
  24 orcs
  4 bats
  14 endoplasms
  4 giant cockroaches
  8 goblins
  5 hobgoblins
  9 jackals
  13 kobolds
  5 quokkas
  7 ball pythons
  4 frilled lizards
  24 rats
187 creatures vanquished.

Notes
Turn   | Place    | Note
-------+----------+-------------------------------------------
     0 | D:1      | Psyclone the Deep Elf Conjurer began the quest for the Orb.
     0 | D:1      | Reached XP level 1. HP: 10/10 MP: 6/6
   277 | D:1      | Reached XP level 2. HP: 12/15 MP: 2/8
   938 | D:1      | Reached XP level 3. HP: 19/19 MP: 1/10
   941 | D:1      | Learned a level 2 spell: Searing Ray
  1621 | D:2      | Reached XP level 4. HP: 24/24 MP: 9/11
  1736 | D:2      | Reached skill level 4 in Spellcasting
  1788 | D:2      | Identified the amulet "Coupetel" {Spirit Str+4}
  1934 | D:2      | Noticed Natasha
  1938 | D:2      | Reached skill level 5 in Conjurations
  1939 | D:2      | Killed Natasha
  2436 | D:3      | Reached XP level 5. HP: 25/28 MP: 1/14
  2615 | D:3      | Reached skill level 5 in Spellcasting
  3540 | D:4      | Reached XP level 6. HP: 24/32 MP: 9/16
  3704 | D:4      | Reached skill level 6 in Spellcasting
  4204 | D:4      | Reached XP level 7. HP: 36/36 MP: 13/19
  4585 | D:5      | Entered Level 5 of the Dungeon
  4669 | D:5      | Reached skill level 7 in Spellcasting
  5057 | D:5      | Reached skill level 8 in Spellcasting
  5369 | D:5      | Reached XP level 8. HP: 41/41 MP: 15/22
  5453 | D:5      | Noticed Eustachio
  5471 | D:5      | Killed Eustachio
  5472 | D:5      | Reached skill level 9 in Spellcasting
  5812 | D:5      | Found a staircase to the Ecumenical Temple.
  5822 | D:5      | Noticed Prince Ribbit
  5830 | D:5      | Killed Prince Ribbit
  5841 | Temple   | Entered the Ecumenical Temple
  5875 | Temple   | Became a worshipper of Ashenzari the Shackled
  5897 | D:5      | Found Yrhecvamn's Distillery.
  6049 | D:5      | Found a hide-covered altar of Uskayaw.
  6319 | D:5      | Found a runed translucent door.
  6320 | D:5      | Noticed Crazy Yiuf
  6328 | D:5      | Killed Crazy Yiuf
  6329 | D:5      | Reached skill level 10 in Spellcasting
  6662 | D:6      | Found a glowing drain.
  6669 | Sewer    | Entered a sewer
  7165 | Sewer    | Slain by a kobold brigand

Illustrated notes

Levels and vault maps discovered:
D:1:      scummos_arrival_checkerplants, layout_loops_corners
D:2:      layout_loops_ring, uniq_natasha
D:3:      layout_rooms
D:4:      kennysheep_slugbush, layout_loops_cross
D:5:      layout_gridville, eat_drink_and_be_merry_uskayaw,
          minmay_temple_entry_tees, nicolae_kite_square_tiling_tiny,
          nicolae_inconvenience_store, uniq_prince_ribbit1, uniq_eustachio,
          uniq_crazy_yiuf_cottage
D:6:      minmay_chambers_of_sixes, layout_loops_ring, lightli_sewer_entry_pipes
Temple:   eino_temple_lava
Sewer:    sewer_minmay_treatment

Skill      XL: |  1  2  3  4  5  6  7  8 |
---------------+-------------------------+-----
Stealth        | 3 |  3.9
Dodging        | 3 |  3.7
Spellcasting   | 4 5 6 8 10 | 10.6
Conjurations   | 5 6 8 9 |  9.6

Action                     |  1- 3 |  4- 6 |  7- 9 || total
---------------------------+-------+-------+-------++-------
  Melee: Dagger            |       |     5 |     8 ||    13
   Cast: Magic Dart        |    77 |   102 |   122 ||   301
         Searing Ray       |       |    21 |    38 ||    59
    Use: Scroll            |       |       |     1 ||     1
 Armour: Robe              |    11 |     3 |    11 ||    25
  Dodge: Dodged            |    19 |    27 |    24 ||    70
